 Dungeon Crawl Stone Soup version 0.23.2-1-ga50397a6bc (webtiles) character file.

Game seed: 16691710865498873690

86 kaze1988 the Skirmisher (level 4, 0/41 HPs)
             Began as a Hill Orc Fighter on Apr 13, 2019.
             Was an Initiate of Makhleb.
             Succumbed to an adder's poison
             ... on level 2 of the Dungeon.
             The game lasted 00:01:54 (1336 turns).

kaze1988 the Skirmisher (Hill Orc Fighter)          Turns: 1336, Time: 00:01:54

Health: 0/41       AC:  8    Str: 19    XL:     4   Next: 49%
Magic:  4/4        EV:  7    Int:  8    God:    Makhleb [......]
Gold:   85         SH:  9    Dex: 10    Spells: 3/3 levels left

rFire    . . .     SeeInvis .   a - +0 war axe
rCold    . . .     Gourm    .   c - +0 shield
rNeg     . . .     Faith    .   b - +0 scale mail
rPois    .         Spirit   .   l - +0 helmet
rElec    .         Reflect  .   (no cloak)
rCorr    .         Harm     .   (no gloves)
MR       .....                  (no boots)
Stlth    ..........             (no amulet)
HPRegen  0.13/turn              (no ring)
MPRegen  0.09/turn              (no ring)

@: lethally poisoned (0 -> -6)
A: no striking features
a: Renounce Religion


You were on level 2 of the Dungeon.
You worshipped Makhleb.
Makhleb was noncommittal.
You were hungry.

You visited 1 branch of the dungeon, and saw 2 of its levels.

You collected 85 gold pieces.

Inventory:

Hand Weapons
 a - a +0 war axe (weapon)
Armour
 b - a +0 scale mail (worn)
 c - a +0 shield (worn)
 l - a +0 helmet (worn)
Jewellery
 e - an uncursed ring of resist corrosion {unknown}
 j - an uncursed ring of protection from fire {unknown}
Wands
 n - a wand of digging (6)
Scrolls
 d - a scroll of teleportation {unknown}
 g - 3 scrolls of fog {unknown}
 i - a scroll of amnesia {unknown}
 k - a scroll of enchant armour {unknown}
Potions
 h - a potion of agility {unknown}
 m - a potion of mutation {unknown}
Comestibles
 f - 3 rations


   Skills:
 + Level 4.3 Fighting
 + Level 4.0 Axes
 + Level 3.9 Armour
 + Level 0.4 Dodging
 + Level 3.8 Shields


You had 3 spell levels left.
You didn't know any spells.
Your spell library was empty.

Dungeon Overview and Level Annotations

Branches:
Dungeon (2/15)

Altars:
Makhleb
Ru
Trog
Xom


Message History

You feel sick. The bat barely misses you.
The adder bites you but does no damage. The adder barely misses you.
You closely miss the adder.
The adder is almost dead.
You block the bat's attack. The adder bites you.
* * * LOW HITPOINT WARNING * * *
You are more poisoned.
The adder poisons you!
Unknown command.
You barely miss the adder.
The adder is almost dead.
You miss the bat.
* * * LOW HITPOINT WARNING * * *
You feel sick. The bat hits you but does no damage.
The adder closely misses you. The adder bites you but does no damage.
You hit the adder.
You kill the adder!
Makhleb accepts your kill.
Your Axes skill increases to level 4!
You die...

.................
........................
..#....#######.####..#..
...)... ###.####..#..
...... #............
#.... #.#.####.###.
..#.... #.#.####.# #.
.....b.#####.#......# #.
#....@........###.#...
#.............# #.##
.......#####.#### #
....... ..... . .......
####### ## ..##.#. #
####


You could see a bat.

Vanquished Creatures
  Robin (D:2)
  2 adders (D:2)
  A gnoll (D:1)
  A worm (D:2)
  11 goblins
  10 hobgoblins
  2 jackals (D:2)
  2 ball pythons
  4 bats
  A frilled lizard (D:1)
  3 kobolds
  4 rats
42 creatures vanquished.

Notes
Turn   | Place    | Note
-------+----------+-------------------------------------------
     0 | D:1      | kaze1988 the Hill Orc Fighter began the quest for the Orb.
     0 | D:1      | Reached XP level 1. HP: 19/19 MP: 1/1
    13 | D:1      | Reached XP level 2. HP: 8/27 MP: 2/2
   843 | D:1      | Reached XP level 3. HP: 33/33 MP: 3/3
  1001 | D:2      | Noticed Robin
  1036 | D:2      | Killed Robin
  1056 | D:2      | Found a sacrificial altar of Ru.
  1059 | D:2      | Found a bloodstained altar of Trog.
  1062 | D:2      | Found a burning altar of Makhleb.
  1064 | D:2      | Reached XP level 4. HP: 28/40 MP: 4/4
  1067 | D:2      | Became a worshipper of Makhleb the Destroyer
  1073 | D:2      | Found a shimmering altar of Xom.
  1334 | D:2      | HP: 1/41 [adder (3)]
  1336 | D:2      | Succumbed to an adder's poison

Skill      XL: |  1  2  3  4 |
---------------+-------------+-----
Fighting       | 4 |  4.3
Axes           | 3 4 |  4.0
Armour         | |  3.9
Dodging        | |  0.4
Shields        | |  3.8

Action                   |  1- 3 |  4- 6 || total
-------------------------+-------+-------++-------
Melee: War axe           |    79 |    43 ||   122
  Use: Potion            |     1 |       ||     1
  Eat: Chunk             |     1 |       ||     1
Armor: Scale mail        |    35 |    34 ||    69
Dodge: Dodged            |    21 |    18 ||    39
Block: Shield            |    39 |    36 ||    75
